 Dungeon Crawl Stone Soup version 0.31-a0-188-g5e087ee2ca (webtiles) character file.

Game seed: 801840620005003595

1502193 PaperRat the Shapeless Spriggan (level 26, 138/138 HPs)
             Began as a Spriggan Earth Elementalist on June 23, 2023.
             Was the Champion of Dithmenos.
             Escaped with the Orb
             ... and 3 runes on June 24, 2023!
             The game lasted 07:11:24 (88364 turns).

PaperRat the Shapeless Spriggan (SpEE)             Turns: 88364, Time: 07:11:24

Health: 138/138    AC: 10    Str:  4    XL:     26   Next: 61%
Magic:  48/48      EV: 32    Int: 32    God:    Dithmenos [******]
Gold:   2804       SH:  9    Dex: 18    Spells: 5/65 levels left

rFire   + + .        a - +9 dagger (speed)
rCold   + + +        r - +3 buckler {AC+3}
rNeg    + . .        J - +4 skin of Zhor {*Englaciate rC+++ SInv}
rPois   +            v - -2 hat of the Alchemist {rElec rPois rF+ rC+ rN+ Will+ rMut rCorr}
rElec   +            m - +2 cloak {Stlth+}
rCorr   +            (gloves unavailable)
SInv    +            (boots unavailable)
Will    +++++        G - amulet "Launutas" {Spirit rPois rF+ rC+}
Stlth   ++++++       X - +6 ring of intelligence
HPRegen 0.43/turn    q - ring of wizardry
MPRegen 0.31/turn

%: resist mutation, guardian spirit, wizardry (x1)
@: wreathed by umbra, studying 2 skills, very quick
A: very small, no large weapons, unfitting armour, see invisible, speed 3
0: Orb of Zot
}: 3/15 runes: barnacled, slimy, gossamer
a: Renounce Religion, Shadow Step, Shadow Form


You escaped.
You worshipped Dithmenos.
Dithmenos was exalted by your worship.
You visited 12 branches of the dungeon, and saw 53 of its levels.
You also visited: Trove, Bailey, Volcano and Wizlab.

You collected 8637 gold pieces.
You spent 5833 gold pieces at shops.

Inventory:

Hand Weapons
 a - a +9 dagger of speed (weapon)
 H - the +8 spear "Keil" {freeze, rF++}
   (You found it on level 11 of the Dungeon)

   rF:        It greatly protects you from fire.
 I - the +9 dagger of False Accusations {venom, Str+4 Stlth-}
   (You took it off a spriggan rider on level 4 of the Lair of Beasts)

   Str:       It affects your strength (+4).
   Stlth:     It makes you less stealthy.
Missiles
 F - 10 curare-tipped darts (quivered)
 S - 4 throwing nets {!f}
Armour
 f - the +3 robe of Clouds {*Thunder rCloud rElec}
   (You took it off a Cloud Mage in a wizard's laboratory)

   *Thunder:  It occasionally creates storm clouds above nearby enemies.
   rCloud:    It grants its wearer immunity to clouds.
   rElec:     It insulates you from electricity.
 m - a +2 cloak of stealth (worn)
 r - a +3 buckler of protection (worn)
 v - the -2 hat of the Alchemist (worn) {rElec rPois rF+ rC+ rN+ Will+ rMut rCorr}
   (You found it on level 3 of the Elven Halls)

   rF:        It protects you from fire.
   rC:        It protects you from cold.
   rElec:     It insulates you from electricity.
   rPois:     It protects you from poison.
   rN:        It protects you from negative energy.
   rCorr:     It protects you from acid and corrosion.
   rMut:      It protects you from mutation.
   Will:      It increases your willpower.
 w - a scarf of resistance
 J - the +4 skin of Zhor (worn) {*Englaciate rC+++ SInv}
   (You found it on level 1 of the Lair of Beasts)

   *Englaciate: It radiates cold, occasionally slowing all nearby creatures who
   are not resistant to cold.
   rC:        It renders you almost immune to cold.
   SInv:      It lets you see invisible.
Magical Staves
 p - a staff of air
Jewellery
 g - a +6 ring of dexterity
 o - the ring "Setwonea" {+Blink EV+5 Str+3 Stlth+}
   (You found it on level 14 of the Dungeon)

   [ring of evasion]

   EV:        It affects your evasion (+5).
   Str:       It affects your strength (+3).
   +Blink:    It lets you blink.
   Stlth:     It makes you more stealthy.
 q - a ring of wizardry (right hand)
 u - an amulet of magic regeneration
 G - the amulet "Launutas" (around neck) {Spirit rPois rF+ rC+}
   (You found it on level 5 of the Pits of Slime)

   [amulet of guardian spirit]

   It causes incoming damage to be divided between your reserves of health and
   magic.
   rF:        It protects you from fire.
   rC:        It protects you from cold.
   rPois:     It protects you from poison.
 W - a ring of protection from fire
 X - a +6 ring of intelligence (left hand)
Wands
 b - a wand of iceblast (33)
 c - a wand of light (21)
 d - a wand of digging (37)
 n - a wand of charming (24)
 z - a wand of mindburst (18)
Scrolls
 h - a scroll of enchant armour
 i - 17 scrolls of teleportation {@r3}
 j - 2 scrolls of amnesia
 s - 10 scrolls of vulnerability
 t - 6 scrolls of fog {@r2}
 y - 5 scrolls of poison
 E - 2 scrolls of revelation
 P - 3 scrolls of blinking {@r5}
 Q - 7 scrolls of fear {@r4}
 T - 9 scrolls of immolation
 Y - 3 scrolls of summoning
Potions
 e - 5 potions of lignification
 k - 18 potions of curing {@q1}
 l - 9 potions of ambrosia
 x - 4 potions of invisibility
 A - 18 potions of heal wounds {@q2}
 D - 4 potions of enlightenment {@q6}
 K - 11 potions of magic
 L - 6 potions of brilliance {@q5}
 M - 5 potions of cancellation
 N - 4 potions of mutation {@q7}
 O - 6 potions of resistance
 R - 5 potions of might {@q3}
 U - 12 potions of haste {@q4}
Miscellaneous
 B - a phantom mirror
 C - a tin of tremorstones (2/2)
 V - a lightning rod (4/4)
 Z - a phial of floods


   Skills:
 + Level 14.0 Fighting
 - Level 10.0 Short Blades
 - Level 20.0 Dodging
 - Level 20.0 Stealth
 - Level 7.0 Shields
 - Level 20.0 Spellcasting
 - Level 4.0 Conjurations
 - Level 18.0 Hexes
 - Level 8.0 Necromancy
 O Level 27 Transmutations
 - Level 18.0 Air Magic
 - Level 8.0 Earth Magic
 + Level 18.2 Evocations


You had 5 spell levels left.
You knew the following spells:

 Your Spells              Type           Power      Damage    Failure   Level
a - Borgnjor's Vile Clut  Necr/Erth      35%        N/A       1%          5
b - Confusing Touch       Hex            98%        N/A       0%          3
c - Petrify               Tmut/Erth      97%        N/A       0%          4
d - Stone Arrow           Conj/Erth      100%       3d13      1%          3
e - Fulminant Prism       Conj/Hex       40%        3d19      1%          4
f - Yara's Violent Unrav  Hex/Tmut       54%        3d21      0%          5
g - Passwall              Tmut/Erth      80%        N/A       0%          2
i - Maxwell's Capacitive  Air            49%        ∞         3%          8
q - Irradiate             Conj/Tmut      46%        3d27      1%          5
s - Enfeeble              Hex            49%        N/A       1%          7
t - Blink                 Tloc           64%        N/A       1%          2
v - Airstrike             Air            49%        2d(7-23)  0%          4
x - Discord               Hex            49%        N/A       3%          8

Your spell library contained the following spells:

 Spells                   Type           Power      Damage    Failure   Level
 Shock                    Conj/Air       100%       1d9       0%          1
 Slow                     Hex            100%       N/A       0%          1
 Sting                    Tmut/Pois      100%       1d8       0%          1
 Wereblood                Tmut           100%       N/A       0%          2
 Swiftness                Air            98%        N/A       0%          3
 Tukima's Dance           Hex            98%        N/A       0%          3
 Cause Fear               Hex            49%        N/A       0%          4
 Blade Hands              Tmut           58%        N/A       0%          5
 Kiss of Death            Conj/Necr      100%       2d13      1%          1
 Magic Dart               Conj           100%       1d8       1%          1
 Sandblast                Erth           100%       2d20      1%          1
 Summon Small Mammal      Summ           100%       N/A       1%          1
 Call Imp                 Summ           64%        N/A       1%          2
 Cigotuvi's Dreadful Rot  Necr/Pois/Air  100%       N/A       1%          2
 Lesser Beckoning         Tloc           64%        N/A       1%          2
 Momentum Strike          Conj/Tloc      88%        3d10      1%          2
 Poisonous Vapours        Pois/Air       100%       N/A       1%          2
 Searing Ray              Conj           100%       2d8       1%          2
 Sublimation of Blood     Necr           70%        N/A       1%          2
 Ignite Poison            Fire/Tmut/Pois 74%        N/A       1%          3
 Inner Flame              Hex/Fire       74%        N/A       1%          3
 Mephitic Cloud           Conj/Pois/Air  68%        N/A       1%          3
 Portal Projectile        Hex/Tloc       100%       N/A       1%          3
 Summon Guardian Golem    Hex/Summ       74%        N/A       1%          3
 Vampiric Draining        Necr           70%        2d11      1%          3
 Vhi's Electric Charge    Tloc/Air       100%       N/A       1%          3
 Anguish                  Hex/Necr       43%        N/A       1%          4
 Animate Armour           Summ/Erth      100%       N/A       1%          4
 Animate Dead             Necr           70%        N/A       1%          4
 Dispel Undead            Necr           70%        3d24      1%          4
 Leda's Liquefaction      Hex/Erth       43%        N/A       1%          4
 Summon Lightning Spire   Summ/Air       74%        N/A       1%          4
 Arcjolt                  Conj/Air       40%        1d50      1%          5
 Freezing Cloud           Conj/Ice/Air   34%        6-21      1%          5
 Metabolic Englaciation   Hex/Ice        37%        N/A       1%          5
 Silence                  Hex/Air        49%        N/A       1%          5
 Call Canine Familiar     Summ           32%        N/A       2%          3
 Gell's Gravitas          Tloc           32%        N/A       2%          3
 Teleport Other           Tloc           32%        N/A       2%          3
 Sticky Flame             Conj/Fire      44%        2d6       3%          4
 Iskenderun's Battlesphe  Conj           55%        2d11      4%          5
 Olgreb's Toxic Radiance  Pois           32%        N/A       8%          4
 Passage of Golubria      Tloc           32%        N/A       8%          4
 Fireball                 Conj/Fire      22%        3d10      9%          5
 Summon Forest            Summ/Tloc      16%        N/A       21%         5
 Dragon Form              Tmut           58%        N/A       0%          7
 Conjure Ball Lightning   Conj/Air       40%        3x3d13    1%          6
 Eringya's Noxious Bog    Tmut/Pois      43%        N/A       1%          6
 Statue Form              Tmut/Erth      64%        N/A       1%          6
 Storm Form               Tmut/Air       54%        N/A       1%          7
 Necromutation            Tmut/Necr      48%        N/A       3%          8
 Death Channel            Necr           35%        N/A       4%          6
 Leda's Unmaking          Conj/Erth      31%        9d6       10%         6
 Simulacrum               Ice/Necr       27%        N/A       21%         6
 Haunt                    Necr/Summ      27%        N/A       71%         7
 Orb of Destruction       Conj           27%        9d9       71%         7
 Borgnjor's Revivificati  Necr           35%        N/A       85%         8
 Spellforged Servitor     Conj/Summ      22%        N/A       92%         7
 Ozocubu's Refrigeration  Ice            16%        4d11      99%         7
 Summon Hydra             Summ           16%        N/A       99%         7
 Ignition                 Fire           16%        3d6       100%        8
 Summon Horrible Things   Summ           16%        N/A       100%        8
 Death's Door             Necr           35%        N/A       100%        9
 Polar Vortex             Ice            16%        N/A       100%        9


Dungeon Overview and Level Annotations

Branches:
Dungeon (15/15)            Temple (1/1) D:5            Lair (5/5) D:10
 Shoals (4/4) Lair:3       Spider (4/4) Lair:3        Slime (5/5) Lair:5
    Orc (2/2) D:11            Elf (3/3) Orc:2        Vaults (4/5) D:14
  Crypt (1/3) Vaults:3     Depths (4/4) D:15            Zot (5/5) Depths:4
 Bailey (visited)         Volcano (visited)          WizLab (visited)

Altars:
Ashenzari
Dithmenos
Elyvilon
Fedhas
Gozag
Hepliaklqana
Kikubaaqudgha
Makhleb
Nemelex Xobeh
Ru
Sif Muna
Trog
Vehumet
Wu Jian
Xom
Yredelemnul
Zin
The Shining One
Jiyva

Shops:
D:9 :*   D:14 :   Orc:2 :?[(   Shoals:2 !   Shoals:4 !:   Vaults:3 [
Vaults:4 [   Depths:1 :=:   Depths:3 *

Portals:
Hell: Depths:1 Depths:2 Depths:3 Depths:4
Abyss: Depths:3
Pandemonium: Depths:2 Depths:4
Ziggurat: Depths:4

Annotations:
Elf:2 3 runed translucent doors
Zot:5 36 runed doors


Innate Abilities, Weirdness & Mutations

You are very small and have problems with some larger weapons.
You are too small for most types of armour.
You have supernaturally acute eyesight. (SInv)
You cover ground extremely quickly. (Speed+++)


Message History

There is a stone staircase leading down here.
There is a stone staircase leading up here.
You climb upwards.
There is a stone staircase leading down here.
Magic restored.
A tormentor comes into view.
Casting: Yara's Violent Unravelling (safe; 0% risk of failure)
Confirm with . or Enter, or press ? or * to list all spells.
Aiming: Enfeeble (mildly dangerous; 1% risk of failure)
Press: ? - help, Shift-Dir - straight line, f - tormentor
Aim: a tormentor (umbra, will inflict weakness and antimagic, chance to daze and blind: 94%)
The tormentor is enfeebled!
Casting: Enfeeble (mildly dangerous; 1% risk of failure)
Confirm with . or Enter, or press ? or * to list all spells.
Aiming: Yara's Violent Unravelling (safe; 0% risk of failure)
Press: ? - help, Dir - move target, f/p - tormentor
Aim: a tormentor (blind, dazed, weak, magic disrupted, umbra)
The tormentor's magical effects unravel!
The enchantments explode!
The tormentor twists and deforms.
The unravelling engulfs the tormentor!!
The tormentor is almost dead.
Your shadow mimicks your spell!
The shadow shard hits the tormentor!!!
You kill the tormentor!
Dithmenos accepts your kill.
(D) Dungeon (T) Temple (L) Lair (A) Shoals (N) Spider Nest (M) Slime Pits (O) Orcish Mines (E) Elven Halls (V) Vaults (C) Crypt (U) Depths (H) Hell (Z) Zot
Where to? (Enter - D:1 @ (x,y), ? - help)
There is a stone staircase leading up here.
You climb upwards.
There is a stone staircase leading down here.
There is a stone staircase leading up here.
You climb upwards.
There is a stone staircase leading down here.
There is an open door here.
An Orb Guardian opens the door.
There is a staircase leading out of the dungeon here.
You have escaped!

#########....#######....
#....................###
#.##########....####.#..
#.#####>#######.## #.#..
#.##⌠.....⌠# #..###.#..
#.##...8...# ##..##.#..
#.##.......# ##..#.#..
#.##.≈...≈.# ##...#..
#.##.≈.@.≈.# ##..'..
####.##.≈...§.#########.#..
#....##.≈...≈.#.........###
#.#####.≈...≈.#............
#.# #.......#............
#.# ###.X.###............
#.# #####...# #............
#.###.......# #............
#...'.......# #............


You could see an Orb Guardian.

Vanquished Creatures
  the Royal Jelly (Slime:5)
  3 dread liches (Zot:5)
  10 orbs of fire
  Mennas (Depths:4)
  Mara (Vaults:4)
  4 Killer Klowns
  Saint Roka (Vaults:2)
  Bai Suzhen (Spider:3)
  12 golden dragons
  A curse toe (Zot:2)
  A Cloud Mage (WizLab)
  2 electric golems (Zot:5)
  18 Orb Guardians
  Zenata (Vaults:4)
  A walking earthen tome (D:15)
  5 tentacled monstrosities
  A deep elf master archer (Elf:3)
  3 titans
  The ghost of t4s4d4r the Marksdemigod, an adept DgHu (Vaults:1)
  A walking frostbound tome (Depths:3)
  5 quicksilver dragons
  Frances (Spider:2)
  13 acid blobs
  3 deep elf blademasters (Elf:3)
  The ghost of SlaveLabor the Thaumaturge, an adept HuAE of Sif Muna (Elf:1)
  2 krakens
  3 sphinxes
  Polyphemus (Shoals:4)
  9 death cobs
  Kirke (Spider:2)
  8 storm dragons
  5 shadow dragons
  6 tengu reavers
  10 azure jellies
  7 draconian monks
  Donald (Spider:2)
  A fenstrider witch (Shoals:1)
  2 rockslimes
  4 draconian knights
  7 fire giants
  5 frost giants
  13 deep elf sorcerers
  An iron dragon (Depths:4)
  10 vault wardens
  4 ghost moths
  A balrug (Depths:3)
  A draconian scorcher (Zot:1)
  4 draconian shifters
  2 draconian stormcallers
  A curse skull (Crypt:1)
  A ghoul (Crypt:1)
  A juggernaut zombie (Depths:2)
  2 spriggan defenders (Depths:3)
  An orc warlord (Orc:2)
  3 deep elf elementalists (Elf:3)
  3 draconian annihilators
  15 formless jellyfish
  17 very ugly things
  11 ironbound thunderhulks
  5 quicksilver oozes (Slime:5)
  14 ironbound preservers
  3 vampire knights
  3 black draconians
  17 stone giants
  A war gargoyle (Vaults:4)
  10 broodmothers
  5 deep elf demonologists
  4 dire elephants (Vaults:1)
  9 deep elf annihilators
  5 green draconians
  2 yellow draconians (Zot:2)
  5 purple draconians
  5 spark wasps
  4 white draconians
  The ghost of lucassayen the Protected, a journeyman HOMo of Beogh (D:13)
  5 red draconians
  2 blizzard demons (WizLab)
  The ghost of sastreii the Jinx, a journeyman DgHs (Lair:4)
  8 deep elf death magi
  2 green deaths
  7 merfolk impalers
  6 fire dragons
  8 ettins
  4 merfolk javelineers
  5 yaktaur captains
  An entropy weaver (shapeshifter) (Elf:1)
  10 deep elf high priests
  5 entropy weavers
  Josephine (D:12)
  12 great orbs of eyes
  2 rakshasas
  A hell beast (D:13)
  11 hydras
  Harold (Lair:1)
  18 centaur warriors
  4 ice dragons
  A vault guard (Vaults:3)
  3 ghost crabs (WizLab)
  2 peacekeepers
  An ogre mage (D:15)
  6 ironbound frosthearts
  5 merfolk avatars
  An alligator snapping turtle (Shoals:3)
  A radroach (Spider:2)
  4 merfolk aquamancers
  4 spriggan air magi
  13 boulder beetles
  8 tengu warriors
  5 catoblepae
  A death scarab (Spider:2)
  7 two-headed ogres
  11 dancing weapons
  8 deep troll shamans
  16 deep troll earth magi
  2 satyrs
  4 hell hogs (Depths:3)
  3 orc high priests
  8 death yaks
  8 spriggan berserkers
  A shock serpent (WizLab)
  3 vampire magi
  6 demonic crawlers
  3 soul eaters
  2 sun demons (Depths:3)
  56 hell knights
  12 iron trolls
  9 deep elf knights
  4 skysharks
  4 sun moths
  A salamander mystic (Depths:3)
  6 pharaoh ants
  Amaemon (Lair:2)
  2 flayed ghosts
  4 glowing orange brains
  15 orb spiders
  15 sea snakes
  A shadow demon (Depths:4)
  A swamp dragon (Lair:5)
  58 deep trolls
  4 death drakes (WizLab)
  7 wizards
  5 deep elf archers
  A phantasmal warrior (Vaults:3)
  11 lindwurms
  An orange crystal statue (Depths:4)
  18 deep elf pyromancers
  15 deep elf zephyrmancers
  10 steelbarb worms
  32 harpies
  14 necromancers
  A steelbarb worm (shapeshifter) (Vaults:4)
  5 fauns
  3 orc knights
  29 wolf spiders
  A wolf spider (shapeshifter) (Depths:3)
  23 ugly things
  4 cyclopes
  A fire giant zombie (Depths:2)
  14 ironbound convokers
  A shining eye (Slime:2)
  4 orc sorcerers (Orc:2)
  5 salamanders
  16 moths of wrath
  3 oklob plants
  12 manticores
  An apocalypse crab (WizLab)
  A guardian serpent (shapeshifter) (D:14)
  9 black mambas
  A frost giant skeleton (Depths:2)
  9 elephants
  7 water nymphs
  An eye of devastation (Slime:3)
  10 merfolk sirens
  23 vault sentinels
  A black mamba (shapeshifter) (D:14)
  A guardian serpent (Lair:5)
  An orange demon (Lair:4)
  2 gargoyles
  4 kobold demonologists
  6 torpor snails
  5 smoke demons
  2 hellions
  20 cane toads
  3 unseen horrors
  7 rime drakes
  An ice devil (Depths:2)
  A guardian mummy (Crypt:1)
  2 freezing wraiths
  A tormentor (D:3)
  3 tengu conjurers
  8 komodo dragons
  30 yaktaurs
  24 merfolk
  2 red devils (Depths:4)
  2 polar bears (Lair:5)
  13 trolls
  2 hellwings (Depths:4)
  8 meliai
  8 hornets
  11 wind drakes
  25 tarantellas
  Grinder (D:3)
  12 blink frogs
  A blink frog (shapeshifter) (D:13)
  6 dream sheep (Lair:4)
  9 snapping turtles
  33 jumping spiders
  2 vampires
  10 culicivoras
  A shadow (D:11)
  6 spriggans
  17 air elementals
  39 slime creatures
  A ynoxinul (Depths:2)
  7 wraiths
  12 wyverns
  51 yaks
  Eustachio (D:6)
  2 humans (Spider:2)
  15 water elementals
  2 steam dragons
  6 basilisks
  3 fire elementals
  37 redbacks
  13 vampire mosquitoes
  A neqoxec (Depths:2)
  4 wargs (Orc:1)
  8 acid dragons
  Duvessa (D:6)
  25 water moccasins
  47 orc warriors
  2 sky beasts (D:8)
  A swamp drake (Lair:5)
  4 black bears
  5 ice beasts
  6 wolves (Lair:4)
  A tengu (shapeshifter) (Depths:3)
  6 ogres
  14 centaurs
  A boggart (Lair:4)
  A phantom (D:5)
  2 kobold brigands
  14 bullfrogs
  2 scorpions
  A gnoll sergeant (D:8)
  14 wights
  Dowan (D:6)
  7 killer bees
  3 howler monkeys (D:7)
  7 vampire bats (Bailey)
  An electric eel (D:6)
  6 wolf zombies (Bailey)
  2 sleepcaps
  18 orc priests
  6 hounds
  A jelly (D:8)
  11 iguanas
  A gnoll bouda (D:7)
  25 orc wizards
  11 gnolls
  12 adders
  2 shadow imps (D:7)
  3 white imps
  An ufetubus (D:5)
  2 worms
  3 dart slugs (D:2)
  110 orcs
  7 ball pythons
  8 endoplasms
  6 hobgoblins
  6 jackals
  6 kobolds
  5 quokkas
  8 bats
  A frilled lizard (D:1)
  5 goblins
  An orc skeleton (Crypt:1)
  18 orc zombies (Bailey)
  6 rats
  A fulminant prism (Slime:2)
  6 tentacles
2047 creatures vanquished.

Vanquished Creatures (collateral kills)
  A Killer Klown (Zot:4)
  A golden dragon (Zot:1)
  A bone dragon (Depths:4)
  An electric golem (Zot:1)
  8 Orb Guardians (Zot:5)
  A tentacled monstrosity (Zot:1)
  3 acid blobs
  A death cob (Zot:3)
  2 azure jellies (Slime:5)
  2 draconian monks (Zot:5)
  A tengu reaver (Depths:4)
  2 storm dragons
  3 rockslimes (Slime:5)
  3 draconian knights
  4 draconian scorchers
  2 draconian annihilators
  4 very ugly things (Depths:4)
  A stone giant (Depths:4)
  A formless jellyfish (Slime:4)
  8 green draconians
  3 black draconians
  12 white draconians
  2 yellow draconians
  6 red draconians
  6 purple draconians
  An ettin (Depths:4)
  A fire dragon (shapeshifter) (Depths:4)
  A spriggan berserker (Depths:4)
  A hell knight (Depths:4)
  An ugly thing (Depths:4)
  2 moths of wrath
  22 slime creatures
108 creatures vanquished.

Vanquished Creatures (others)
  2 rockslimes (Slime:5)
  An azure jelly (Slime:5)
  2 draconian monks
  2 draconian scorchers
  A draconian stormcaller (Zot:1)
  A very ugly thing (Depths:4)
  3 draconian annihilators
  3 red draconians
  4 black draconians
  A green draconian (Zot:5)
  3 white draconians
  2 blizzard demons (WizLab)
  5 yellow draconians
  An ettin (Depths:3)
  A deep elf zephyrmancer (Elf:1)
  A necromancer (Depths:4)
  A deep elf pyromancer (Elf:1)
  A manticore (Shoals:3)
  A tyrant leech (Zot:4)
  A tarantella (Spider:2)
  8 slime creatures
  A human (Spider:2)
  A redback (Spider:2)
  2 fulminant prisms
  7 tentacles
56 creatures vanquished.

Grand Total: 2211 creatures vanquished

Notes
Turn   | Place    | Note
-------+----------+-------------------------------------------
     0 | D:1      | PaperRat the Spriggan Earth Elementalist began the quest
                  | for the Orb.
     0 | D:1      | Reached XP level 1. HP: 9/9 MP: 5/5
   154 | D:1      | Reached skill level 1 in Fighting
   154 | D:1      | Reached XP level 2. HP: 14/14 MP: 1/6
   157 | D:1      | Learned a level 2 spell: Passwall
  1182 | D:2      | Reached XP level 3. HP: 18/18 MP: 5/8
  1219 | D:2      | Learned a level 3 spell: Stone Arrow
  1697 | D:1      | Reached XP level 4. HP: 23/23 MP: 6/9
  1927 | D:3      | Reached skill level 1 in Conjurations
  2083 | D:3      | Noticed Grinder
  2335 | D:3      | Reached XP level 5. HP: 26/26 MP: 7/10
  2677 | D:4      | Noticed a black bear
  2824 | D:4      | Killed a black bear
  2880 | D:4      | Reached XP level 6. HP: 30/30 MP: 7/11
  2977 | D:4      | Learned a level 4 spell: Petrify
  3432 | D:5      | Entered Level 5 of the Dungeon
  3526 | D:5      | Reached skill level 5 in Earth Magic
  3628 | D:5      | Reached skill level 2 in Transmutations
  3890 | D:5      | Found a shadowy altar of Dithmenos.
  3894 | D:5      | Became a worshipper of Dithmenos the Shadowed
  3956 | D:5      | Noticed an ice beast
  3979 | D:5      | Killed an ice beast
  3980 | D:5      | Reached skill level 3 in Transmutations
  3980 | D:5      | Reached XP level 7. HP: 36/36 MP: 2/12
  4343 | D:5      | Found a basalt altar of Yredelemnul.
  4517 | D:5      | Found a staircase to the Ecumenical Temple.
  4754 | Temple   | Entered the Ecumenical Temple
  4809 | D:6      | Noticed Duvessa
  4809 | D:6      | Noticed Dowan
  4809 | D:6      | Found a shimmering altar of Xom.
  4849 | D:6      | Reached skill level 4 in Transmutations
  5003 | D:6      | Reached skill level 5 in Transmutations
  5046 | D:6      | Noticed Eustachio
  5059 | D:6      | Killed Eustachio
  5060 | D:6      | Reached XP level 8. HP: 40/40 MP: 9/13
  5305 | D:6      | Killed Dowan
  5507 | D:6      | Reached skill level 1 in Short Blades
  5507 | D:6      | Reached skill level 6 in Transmutations
  5561 | D:6      | Reached skill level 5 in Stealth
  5703 | D:6      | Killed Duvessa
  5869 | D:6      | Reached * piety under Dithmenos
  5870 | D:6      | Reached skill level 7 in Transmutations
  5942 | D:6      | Found a shimmering blue altar of Sif Muna.
  6183 | D:6      | Found a white marble altar of Elyvilon.
  6636 | D:3      | Killed Grinder
  6927 | D:7      | Found a broken altar of Ashenzari.
  6983 | D:7      | Reached XP level 9. HP: 44/44 MP: 8/15
  7981 | D:7      | Reached skill level 8 in Transmutations
  8050 | D:7      | Found a broken altar of Ashenzari.
  9162 | D:8      | Reached skill level 5 in Spellcasting
  9197 | D:8      | Reached ** piety under Dithmenos
  9259 | D:8      | Reached skill level 5 in Dodging
  9372 | D:8      | Reached XP level 10. HP: 51/51 MP: 13/18
  9388 | D:8      | Reached skill level 9 in Transmutations
  9398 | D:8      | Reached skill level 10 in Stealth
  9636 | D:8      | Reached skill level 5 in Fighting
  9835 | D:8      | Reached skill level 1 in Evocations
  9964 | D:8      | Found an ornate altar of the Wu Jian Council.
 10032 | D:8      | Reached *** piety under Dithmenos
 10071 | D:8      | Found a glowing golden altar of the Shining One.
 10794 | D:9      | Noticed a two-headed ogre
 10805 | D:9      | Killed a two-headed ogre
 10809 | D:9      | Found a flagged portal.
 10819 | Bailey   | Entered a bailey
 10927 | Bailey   | Noticed a gargoyle
 10930 | Bailey   | Killed a gargoyle
 10931 | Bailey   | Reached skill level 10 in Transmutations
 11298 | Bailey   | Identified the +3 ring mail of Cafoqif {Will+ Dex+3}
 11389 | Bailey   | Reached **** piety under Dithmenos
 11529 | D:9      | Reached XP level 11. HP: 56/56 MP: 5/21
 11841 | D:9      | Found Lugenkyawo's General Store.
 12335 | D:9      | Bought 2 scrolls of identify for 60 gold pieces
 12335 | D:9      | Bought a +2 cloak of stealth for 322 gold pieces
 12409 | D:9      | Found a hazy altar of Hepliaklqana.
 12511 | D:9      | Found Detraex's Self-Improvement Boutique.
 12630 | D:9      | Found a glowing silver altar of Zin.
 12654 | D:9      | Found an opulent altar of Gozag.
 12720 | D:10     | Entered Level 10 of the Dungeon
 13067 | D:10     | Found a radiant altar of Vehumet.
 13081 | D:10     | Identified the +2 leather armour of Bydoguxo {Str+2}
 13111 | D:10     | Found a staircase to the Lair.
 13113 | D:10     | Noticed an oklob plant
 13126 | D:10     | Killed an oklob plant
 13127 | D:10     | Reached skill level 5 in Evocations
 13211 | D:10     | Found a sparkling altar of Nemelex Xobeh.
 13374 | D:10     | Found a burning altar of Makhleb.
 13438 | D:10     | Found a sacrificial altar of Ru.
 13517 | Lair:1   | Entered Level 1 of the Lair of Beasts
 13579 | Lair:1   | Found the +4 skin of Zhor {*Englaciate rC+++ SInv}
 13762 | Lair:1   | Noticed Harold
 14112 | Lair:1   | Reached ***** piety under Dithmenos
 14130 | Lair:1   | Reached skill level 11 in Transmutations
 14331 | Lair:1   | Noticed a four-headed hydra
 14361 | Lair:1   | Killed a four-headed hydra
 14400 | Lair:1   | Killed Harold
 14476 | Lair:1   | Reached skill level 10 in Dodging
 15007 | Lair:2   | Reached XP level 12. HP: 32/63 MP: 11/22
 15107 | Lair:2   | Noticed a seven-headed hydra
 15118 | Lair:2   | Killed a seven-headed hydra
 15229 | Lair:2   | Reached skill level 12 in Transmutations
 15241 | Lair:2   | Noticed a catoblepas
 15273 | Lair:2   | Killed a catoblepas
 15408 | Lair:2   | Reached skill level 5 in Short Blades
 15872 | Lair:2   | Noticed Amaemon
 15888 | Lair:2   | Killed Amaemon
 16291 | Lair:3   | Noticed a four-headed hydra
 16295 | Lair:3   | Noticed a catoblepas
 16320 | Lair:3   | Killed a catoblepas
 16443 | Lair:3   | Killed a four-headed hydra
 16876 | Lair:3   | Found a hole to the Spider Nest.
 16960 | Lair:3   | Learned a level 5 spell: Irradiate
 17147 | Lair:3   | Reached XP level 13. HP: 68/68 MP: 19/23
 17505 | Lair:3   | Found a staircase to the Shoals.
 18298 | Lair:4   | Found a runed translucent door.
 18301 | Lair:4   | Noticed sastreii's ghost (journeyman DgHs)
 18302 | Lair:4   | Identified the +0 spear of Penux {flame, rF+ Dex+3}
 18331 | Lair:4   | Identified the +9 dagger of False Accusations {venom, Str+4
                  | Stlth-}
 18613 | Lair:4   | Reached ****** piety under Dithmenos
 18911 | Lair:4   | Reached skill level 15 in Stealth
 19330 | Lair:4   | Killed sastreii's ghost
 19428 | Lair:5   | Entered Level 5 of the Lair of Beasts
 19488 | Lair:5   | Found a dark tunnel.
 19507 | Volcano  | Entered a volcano
 19913 | Lair:5   | Reached skill level 10 in Short Blades
 20036 | Lair:5   | Found a runed translucent door.
 20038 | Lair:5   | Found a viscous altar of Jiyva.
 20041 | Lair:5   | Found a staircase to the Slime Pits.
 20041 | Lair:5   | Noticed an azure jelly
 20041 | Lair:5   | Noticed an azure jelly
 20119 | Lair:5   | Reached XP level 14. HP: 73/73 MP: 16/24
 20790 | Lair:5   | Identified the +1 robe of Resilience {-Cast Rampage rN++}
 21498 | Lair:5   | Reached skill level 13 in Transmutations
 21939 | Lair:5   | Identified the +0 robe "Retit" {Fly Regen+ Dex-2}
 22253 | Lair:5   | Killed an azure jelly
 22419 | Lair:5   | Killed an azure jelly
 22623 | D:9      | Bought an amulet of reflection for 450 gold pieces
 22679 | D:11     | Reached skill level 10 in Evocations
 23250 | D:11     | Found a staircase to the Orcish Mines.
 23319 | D:11     | Identified the +8 spear "Keil" {freeze, rF++}
 23498 | Orc:1    | Entered Level 1 of the Orcish Mines
 24423 | Orc:2    | Entered Level 2 of the Orcish Mines
 24531 | Orc:1    | Reached skill level 14 in Transmutations
 24895 | Orc:2    | Found Ibruid's Book Emporium.
 25289 | Orc:2    | Found a staircase to the Elven Halls.
 25400 | Orc:2    | Found Hoxiak's Magic Scroll Boutique.
 25602 | Orc:2    | Reached XP level 15. HP: 67/79 MP: 1/28
 25739 | Orc:2    | Found Iggifegi's Antique Weapon Shoppe.
 25742 | Orc:2    | Found Qetas's Antique Armour Emporium.
 26205 | Orc:2    | Bought a scroll of identify for 24 gold pieces
 26252 | Orc:2    | Bought a book of Unlife for 648 gold pieces
 26258 | Orc:2    | Learned a level 5 spell: Borgnjor's Vile Clutch
 26446 | D:12     | Noticed Josephine
 26454 | D:12     | Killed Josephine
 26805 | D:12     | Reached skill level 1 in Necromancy
 27363 | D:12     | Learned a level 6 spell: Statue Form
 28179 | D:13     | Found a transporter.
 28183 | D:13     | Noticed a storm dragon
 28184 | D:13     | Noticed lucassayen's ghost (journeyman HOMo)
 28199 | D:13     | Found a transporter.
 28796 | D:14     | Found a gate to the Vaults.
 28948 | D:14     | Found a transporter.
 29361 | D:14     | Found Ganij's Vocational Training.
 29463 | D:14     | Found a transporter.
 29868 | D:14     | Noticed a sphinx
 29869 | D:14     | Killed a sphinx
 29910 | D:14     | Identified the staff "Daciuvaf" {Drain rElec rN++ Int+4
                  | Stlth+ Air}
 29912 | D:14     | Identified the ring "Setwonea" {+Blink EV+5 Str+3 Stlth+}
 29930 | D:14     | Identified the amulet "Gaschutou" {Faith rElec}
 29986 | D:15     | Entered Level 15 of the Dungeon
 30460 | D:15     | Reached skill level 10 in Fighting
 30495 | D:15     | Reached skill level 15 in Dodging
 30815 | D:15     | Found a staircase to the Depths.
 31025 | D:15     | Reached skill level 15 in Transmutations
 31081 | D:15     | Learned a level 3 spell: Confusing Touch
 31142 | D:14     | Bought a manual of Evocations for 880 gold pieces
 31189 | D:13     | Killed lucassayen's ghost
 31247 | D:13     | Killed a storm dragon
 31249 | D:13     | Reached skill level 5 in Necromancy
 31249 | D:13     | Reached XP level 16. HP: 85/85 MP: 26/30
 31438 | Spider:1 | Entered Level 1 of the Spider Nest
 32350 | Spider:1 | Reached skill level 10 in Spellcasting
 33278 | Spider:2 | Noticed Kirke
 33280 | Spider:2 | Killed Kirke
 33289 | Spider:2 | Noticed Frances
 33301 | Spider:2 | Killed Frances
 34293 | Spider:2 | Identified the +2 trident "Fuqarghest" {freeze, Drain Str+3
                  | Int+9 Dex+2}
 35377 | Spider:2 | Noticed Donald
 35449 | Spider:2 | Killed Donald
 35450 | Spider:2 | Reached skill level 16 in Transmutations
 35739 | Spider:2 | Identified the +4 ring mail of Unreason {Will+ Int+6}
 35885 | Spider:3 | Reached skill level 1 in Hexes
 35992 | Spider:3 | Noticed Bai Suzhen
 36016 | Spider:3 | Killed Bai Suzhen
 36267 | Spider:3 | Reached XP level 17. HP: 91/91 MP: 24/32
 37578 | Spider:3 | Learned a level 4 spell: Dispel Undead
 37579 | Spider:4 | Entered Level 4 of the Spider Nest
 38036 | Spider:4 | Reached skill level 5 in Hexes
 39221 | Spider:4 | Got a gossamer rune of Zot
 40434 | Shoals:1 | Entered Level 1 of the Shoals
 41628 | Shoals:1 | Reached skill level 10 in Hexes
 41822 | Shoals:2 | Found Baduot's Distillery.
 42115 | Shoals:2 | Reached XP level 18. HP: 98/98 MP: 35/35
 43296 | Shoals:3 | Learned a level 7 spell: Enfeeble
 43297 | Shoals:4 | Entered Level 4 of the Shoals
 43855 | Shoals:4 | Got a barnacled rune of Zot
 44039 | Shoals:4 | Found Zijus's Distillery.
 44078 | Shoals:4 | Reached skill level 15 in Hexes
 44681 | Shoals:4 | Noticed Polyphemus
 44683 | Shoals:4 | Killed Polyphemus
 44927 | Shoals:4 | Found Idoug's Book Shop.
 45397 | Shoals:4 | Identified the staff "Widowermaker" {+Blink rC+ Ice}
 45436 | Shoals:4 | Identified the +5 hand axe of Lies {heavy, rN+}
 45807 | Elf:1    | Entered Level 1 of the Elven Halls
 45900 | Elf:1    | Found a transporter.
 45963 | Elf:1    | Found a transporter.
 45969 | Elf:1    | Noticed SlaveLabor's ghost (adept HuAE)
 45986 | Elf:1    | Found a magical portal.
 46000 | WizLab   | Entered The Chambers of the Cloud Mage
 46028 | WizLab   | Paralysed by an air elemental for 1 turns
 46031 | WizLab   | Paralysed by an air elemental for 1 turns
 46120 | WizLab   | Paralysed by an air elemental for 1 turns
 46210 | WizLab   | Paralysed by an air elemental for 1 turns
 46690 | WizLab   | Paralysed by an air elemental for 1 turns
 46732 | WizLab   | Reached skill level 15 in Evocations
 46733 | WizLab   | Paralysed by an air elemental for 1 turns
 46739 | WizLab   | Paralysed by an air elemental for 1 turns
 46909 | WizLab   | Noticed Sinik
 46925 | WizLab   | Killed Sinik the Cloud Mage
 46926 | WizLab   | Reached XP level 19. HP: 77/102 MP: 1/36
 47111 | WizLab   | Got the Vellum of the Wind
 47117 | WizLab   | Identified the +9 quick blade "Ogrebane" {freeze, Dex+3}
 47121 | WizLab   | Identified the +7 chain mail of Raunus {*Corrode Dex+7
                  | Stlth+}
 48590 | Elf:1    | Reached skill level 1 in Shields
 48907 | Elf:1    | Found a radiant altar of Vehumet.
 49057 | Elf:1    | Killed SlaveLabor's ghost
 49176 | Elf:1    | Learned a level 5 spell: Yara's Violent Unravelling
 49554 | Elf:2    | Found a runed translucent gate.
 49555 | Elf:2    | Found a runed translucent gate.
 49555 | Elf:2    | Found a runed translucent gate.
 49917 | Elf:3    | Entered Level 3 of the Elven Halls
 49969 | Elf:3    | Paralysed by an air elemental for 1 turns
 50342 | Elf:3    | Found a bloodstained altar of Trog.
 51386 | Elf:3    | Identified the +4 scimitar "Ecamicw" {venom, rCorr Dex+4}
 51937 | Elf:3    | Identified the +9 glaive "Yruoxab" {venom, Dex+4}
 52170 | Elf:3    | Identified the +8 flail "Undertaker" {heavy, Stlth+}
 52689 | Elf:3    | Identified the +4 quarterstaff "Tempoem" {protect, Int+3
                  | Dex+3}
 53296 | Elf:3    | Identified the +2 war axe of the Changing Gods {heavy,
                  | Fragile rF+ rCorr Str+5}
 53543 | Elf:3    | Reached XP level 20. HP: 101/102 MP: 39/39
 53569 | Elf:3    | Found the -2 hat of the Alchemist {rElec rPois rF+ rC+ rN+
                  | Will+ rMut rCorr}
 53570 | Elf:3    | Identified the +0 gold dragon scales of the Wary Stars
                  | {rPois rF+ rC+ Str+2 SInv}
 53573 | Elf:3    | Identified the +3 leather armour of Mutualism {Will+ Slay+3
                  | Stlth+}
 53578 | Elf:3    | Found the +7 sceptre of Torment {pain, torment}
 53641 | Elf:3    | Identified the +0 chain mail of Beyond {Regen+}
 53642 | Elf:3    | Identified the staff of Defilement {rPois rF+ rC+ rN++
                  | Stlth+ Ice}
 53695 | Elf:3    | Identified the +8 chain mail "Wuleom" {Rampage}
 53765 | Elf:3    | Identified the staff of Zin {rN+ SInv Conj}
 54862 | Shoals:4 | Bought a book of the Sky for 476 gold pieces
 55104 | Vaults:1 | Entered Level 1 of the Vaults
 55162 | Vaults:1 | Reached skill level 1 in Air Magic
 56129 | Vaults:1 | Found a runed translucent door.
 56131 | Vaults:1 | Noticed t4s4d4r's ghost (adept DgHu)
 56140 | Vaults:1 | Found a portal to a secret trove of treasure.
 56155 | Vaults:1 | Killed t4s4d4r's ghost
 56156 | Vaults:1 | Identified the staff "Worm's Wrath" {rElec rC+ Dex+2 Ice}
 56216 | Trove    | Entered a treasure trove
 56225 | Trove    | Identified the +0 buckler of the Bellicose Heron {SInv}
 56232 | Trove    | Identified the amulet of Moral Flaws {Faith rF+ Dex+3}
 56240 | Trove    | Identified the amulet "Rijafrij" {Faith rF+ Will- Int+2
                  | Dex+7}
 56243 | Trove    | Identified the amulet of Symmetry {Acrobat Str+5}
 56500 | Vaults:1 | Reached skill level 5 in Shields
 57372 | Vaults:2 | Reached skill level 15 in Spellcasting
 57541 | Vaults:2 | Identified the amulet of the Lily {Reflect rPois SH+5}
 58062 | Vaults:2 | Reached skill level 5 in Air Magic
 58252 | Vaults:2 | Noticed Saint Roka
 58272 | Vaults:2 | Killed Saint Roka
 59025 | Vaults:3 | Reached XP level 21. HP: 115/115 MP: 37/42
 59752 | Vaults:3 | Found Emounake's Armour Shop.
 59928 | Vaults:3 | Found a staircase to the Crypt.
 59928 | Vaults:3 | Found a basalt altar of Yredelemnul.
 59928 | Vaults:3 | Found an ancient bone altar of Kikubaaqudgha.
 60351 | Vaults:4 | Found Iposas's Armour Shoppe.
 60363 | Vaults:4 | Noticed Mara
 60371 | Vaults:4 | Killed Mara
 60974 | Vaults:4 | Noticed Zenata
 60986 | Vaults:4 | Killed Zenata
 61316 | Vaults:4 | Found the +18 shield of the Gong {Loud rN+ Will+ rCorr
                  | EV-5}
 61471 | Vaults:4 | Identified the staff of the Chickpea {Will+++ rCorr Str+4
                  | Stlth- Conj}
 61657 | Vaults:4 | Reached skill level 10 in Air Magic
 62164 | Depths:1 | Entered Level 1 of the Depths
 62181 | Depths:1 | Noticed a golden dragon
 62679 | D:15     | Killed a golden dragon
 63051 | Depths:1 | Identified the +12 flail "Puushru" {heavy, rN+++}
 63628 | Depths:1 | Reached XP level 22. HP: 120/120 MP: 30/45
 63786 | Depths:1 | Found a gateway to Hell.
 64358 | Depths:1 | Found a sparkling altar of Nemelex Xobeh.
 64449 | Depths:1 | Reached XP level 23. HP: 124/124 MP: 46/46
 64553 | Depths:1 | Found Voaseig's Book Shoppe.
 64553 | Depths:1 | Found Heuv's Jewellery Shop.
 64593 | Depths:1 | Found Qaeqalac's Book Shoppe.
 64603 | Depths:1 | Bought a book of Spatial Translocations for 360 gold pieces
 64606 | Depths:1 | Learned a level 2 spell: Blink
 64611 | Depths:1 | Learned a level 4 spell: Airstrike
 65594 | Depths:2 | Identified the +4 scale mail of Uskayaw's Respect {Str+3
                  | Stlth+}
 66214 | Depths:2 | Reached skill level 15 in Air Magic
 66897 | Depths:2 | Found a blossoming altar of Fedhas.
 67029 | Depths:2 | Found a one-way gate leading to the halls of Pandemonium.
 69578 | Depths:3 | Reached XP level 24. HP: 129/129 MP: 38/46
 69703 | Depths:3 | Found Muigeefa's Fire Supplies.
 69735 | Depths:3 | Bought a scroll of immolation for 88 gold pieces
 69911 | Depths:3 | Found a one-way gate to the infinite horrors of the Abyss.
 70128 | Depths:3 | Learned a level 8 spell: Maxwell's Capacitive Coupling
 70139 | Depths:3 | Learned a level 8 spell: Discord
 70495 | Shoals:4 | Bought a potion of mutation for 128 gold pieces
 70495 | Shoals:4 | Bought a potion of brilliance for 64 gold pieces
 70495 | Shoals:4 | Bought a potion of cancellation for 128 gold pieces
 70495 | Shoals:4 | Bought a potion of haste for 160 gold pieces
 70495 | Shoals:4 | Bought a potion of brilliance for 64 gold pieces
 70495 | Shoals:4 | Bought 2 potions of cancellation for 256 gold pieces
 70495 | Shoals:4 | Bought 2 potions of resistance for 320 gold pieces
 70495 | Shoals:4 | Bought a potion of resistance for 160 gold pieces
 70495 | Shoals:4 | Bought a potion of haste for 160 gold pieces
 70577 | Shoals:2 | Bought a potion of enlightenment for 70 gold pieces
 70577 | Shoals:2 | Bought a potion of haste for 140 gold pieces
 70577 | Shoals:2 | Bought a potion of mutation for 112 gold pieces
 70577 | Shoals:2 | Bought a potion of heal wounds for 70 gold pieces
 70577 | Shoals:2 | Bought a potion of magic for 112 gold pieces
 70577 | Shoals:2 | Bought a potion of brilliance for 56 gold pieces
 70764 | D:9      | Bought 2 potions of heal wounds for 150 gold pieces
 70764 | D:9      | Bought a staff of air for 375 gold pieces
 70917 | Depths:4 | Entered Level 4 of the Depths
 71611 | Depths:4 | Noticed Mennas
 71712 | Depths:4 | Killed Mennas
 72092 | Depths:4 | Found a one-way gateway to a ziggurat.
 72342 | Depths:4 | Found a gate to the Realm of Zot.
 72701 | Depths:4 | Learned a level 4 spell: Fulminant Prism
 73036 | Slime:1  | Entered Level 1 of the Pits of Slime
 73791 | Slime:5  | Entered Level 5 of the Pits of Slime
 74319 | Slime:5  | Noticed the Royal Jelly
 74323 | Slime:5  | Killed the Royal Jelly
 75608 | Slime:5  | Got the Opusculum on Spatial Illusion
 75648 | Slime:5  | Identified the +9 spear of Turmoil {flame, +Blink rElec
                  | rC-}
 75656 | Slime:5  | Identified the amulet "Launutas" {Spirit rPois rF+ rC+}
 75671 | Slime:5  | Identified the +7 whip of the Brain {spect, Contam rElec
                  | rPois rC+++}
 75675 | Slime:5  | Got a slimy rune of Zot
 75699 | Slime:5  | Got Kikubaaqudgha's Codex of the Mortuary
 75713 | Slime:5  | Identified the +0 leather armour of the Armoured One {rF+
                  | Stlth+}
 75726 | Slime:5  | Identified the staff "Voek" {rElec Dex+3 Air}
 76214 | Zot:1    | Entered Level 1 of the Realm of Zot
 77099 | Zot:1    | Noticed an orb of fire
 77110 | Zot:1    | Killed an orb of fire
 77111 | Zot:1    | Reached skill level 17 in Transmutations
 77182 | Zot:1    | Reached XP level 25. HP: 103/133 MP: 7/47
 78766 | Zot:3    | Noticed an orb of fire
 78807 | Zot:2    | Reached skill level 18 in Transmutations
 79901 | Zot:3    | Reached skill level 19 in Transmutations
 80103 | Zot:3    | Noticed an orb of fire
 80107 | Zot:3    | Killed an orb of fire
 80601 | Zot:3    | Reached skill level 20 in Transmutations
 80989 | Zot:4    | Noticed an orb of fire
 81242 | Zot:4    | Identified the +3 glaive of the Brain {protect, *Corrode
                  | *Slow rC++ Str+8}
 81690 | Zot:4    | Gained mutation: You are weak. (Str -2) [an orb of fire]
 81692 | Zot:4    | Killed an orb of fire
 81698 | Zot:4    | Lost mutation: You are weak. (Str -2) [potion of mutation]
 81698 | Zot:4    | Gained mutation: Your system is resistant to poisons.
                  | (rPois) [potion of mutation]
 81829 | Zot:4    | Reached skill level 21 in Transmutations
 81930 | Zot:4    | Noticed a Killer Klown
 81934 | Zot:4    | Noticed a Killer Klown
 81958 | Zot:4    | Killed a Killer Klown
 82032 | Zot:4    | Killed a Killer Klown
 83008 | Zot:5    | Entered Level 5 of the Realm of Zot
 83025 | Zot:5    | Reached skill level 22 in Transmutations
 83131 | Zot:5    | Found a huge runed gate.
 83131 | Zot:5    | Found a huge runed gate.
 83131 | Zot:5    | Found a huge runed gate.
 83133 | Zot:5    | Found a huge runed gate.
 83133 | Zot:5    | Found a huge runed gate.
 83134 | Zot:5    | Found a huge runed gate.
 83134 | Zot:5    | Found a huge runed gate.
 83134 | Zot:5    | Found a huge runed gate.
 83136 | Zot:5    | Found a huge runed gate.
 83136 | Zot:5    | Found a huge runed gate.
 83136 | Zot:5    | Found a huge runed gate.
 83136 | Zot:5    | Found a huge runed gate.
 83136 | Zot:5    | Found a huge runed gate.
 83137 | Zot:5    | Found a huge runed gate.
 83142 | Zot:5    | Found a huge runed gate.
 83210 | Zot:5    | Found a huge runed gate.
 83259 | Zot:5    | Found a huge runed gate.
 83379 | Zot:5    | Found a huge runed gate.
 83379 | Zot:5    | Found a huge runed gate.
 83379 | Zot:5    | Found a huge runed gate.
 83379 | Zot:5    | Found a huge runed gate.
 83417 | Zot:5    | Found a huge runed gate.
 83417 | Zot:5    | Found a huge runed gate.
 83417 | Zot:5    | Found a huge runed gate.
 83418 | Zot:5    | Found a huge runed gate.
 83418 | Zot:5    | Found a huge runed gate.
 83421 | Zot:5    | Found a huge runed gate.
 83421 | Zot:5    | Found a huge runed gate.
 83421 | Zot:5    | Found a huge runed gate.
 83421 | Zot:5    | Found a huge runed gate.
 83421 | Zot:5    | Found a huge runed gate.
 83421 | Zot:5    | Found a huge runed gate.
 83422 | Zot:5    | Found a huge runed gate.
 83423 | Zot:5    | Found a huge runed gate.
 83424 | Zot:5    | Found a huge runed gate.
 83432 | Zot:5    | Found a huge runed gate.
 83664 | Zot:5    | Reached skill level 23 in Transmutations
 83749 | Zot:5    | Noticed a dread lich
 83755 | Zot:5    | Noticed a dread lich
 83832 | Zot:5    | Killed a dread lich
 83871 | Zot:5    | Noticed a Killer Klown
 83876 | Zot:5    | Killed a Killer Klown
 83914 | Zot:5    | Killed a dread lich
 83915 | Zot:5    | Reached XP level 26. HP: 138/138 MP: 41/48
 84182 | Zot:5    | Found a huge runed gate.
 84182 | Zot:5    | Found a huge runed gate.
 84182 | Zot:5    | Found a huge runed gate.
 84182 | Zot:5    | Found a huge runed gate.
 84182 | Zot:5    | Found a huge runed gate.
 84183 | Zot:5    | Found a huge runed gate.
 84183 | Zot:5    | Found a huge runed gate.
 84183 | Zot:5    | Found a huge runed gate.
 84184 | Zot:5    | Found a huge runed gate.
 84185 | Zot:5    | Found a huge runed gate.
 84191 | Zot:5    | Found a huge runed gate.
 84191 | Zot:5    | Found a huge runed gate.
 84191 | Zot:5    | Found a huge runed gate.
 84191 | Zot:5    | Found a huge runed gate.
 84192 | Zot:5    | Found a huge runed gate.
 84193 | Zot:5    | Found a huge runed gate.
 84194 | Zot:5    | Found a huge runed gate.
 84312 | Zot:5    | Found a huge runed gate.
 84312 | Zot:5    | Found a huge runed gate.
 84312 | Zot:5    | Found a huge runed gate.
 84312 | Zot:5    | Found a huge runed gate.
 84312 | Zot:5    | Found a huge runed gate.
 84313 | Zot:5    | Found a huge runed gate.
 84314 | Zot:5    | Found a huge runed gate.
 84315 | Zot:5    | Found a huge runed gate.
 84316 | Zot:5    | Found a huge runed gate.
 84440 | Zot:5    | Found a huge runed gate.
 84441 | Zot:5    | Found a huge runed gate.
 84449 | Zot:5    | Found a huge runed gate.
 84449 | Zot:5    | Found a huge runed gate.
 84449 | Zot:5    | Found a huge runed gate.
 84449 | Zot:5    | Found a huge runed gate.
 84449 | Zot:5    | Found a huge runed gate.
 84450 | Zot:5    | Found a huge runed gate.
 84451 | Zot:5    | Found a huge runed gate.
 84452 | Zot:5    | Found a huge runed gate.
 84541 | Zot:5    | Noticed an orb of fire
 84545 | Zot:5    | Killed an orb of fire
 84656 | Zot:5    | Noticed an orb of fire
 84657 | Zot:5    | Noticed an orb of fire
 84661 | Zot:5    | Killed an orb of fire
 84662 | Zot:5    | Reached skill level 24 in Transmutations
 84666 | Zot:5    | Killed an orb of fire
 84667 | Zot:5    | Noticed a dread lich
 84713 | Zot:5    | Noticed an orb of fire
 84722 | Zot:5    | Killed an orb of fire
 84918 | Zot:5    | Killed a dread lich
 85499 | Zot:5    | Noticed an orb of fire
 85504 | Zot:5    | Killed an orb of fire
 85505 | Zot:5    | Reached skill level 25 in Transmutations
 85959 | Zot:5    | Noticed an orb of fire
 85965 | Zot:5    | Gained mutation: You occasionally shout uncontrollably at
                  | your foes. [an orb of fire]
 85967 | Zot:5    | Killed an orb of fire
 85999 | Zot:5    | Reached skill level 26 in Transmutations
 86313 | Zot:5    | Noticed an orb of fire
 86317 | Zot:5    | Gained mutation: Armour fits poorly on your strangely
                  | shaped body. [an orb of fire]
 86320 | Zot:5    | Killed an orb of fire
 86951 | Zot:5    | Lost mutation: Your system is resistant to poisons. (rPois)
                  | [potion of mutation]
 86951 | Zot:5    | Lost mutation: You occasionally shout uncontrollably at
                  | your foes. [potion of mutation]
 86952 | Zot:5    | Lost mutation: Armour fits poorly on your strangely shaped
                  | body. [potion of mutation]
 86952 | Zot:5    | Gained mutation: You are clumsy. (Dex -2) [potion of
                  | mutation]
 86952 | Zot:5    | Gained mutation: You have a pair of small horns on your
                  | head. [potion of mutation]
 86953 | Zot:5    | Lost mutation: You have a pair of small horns on your head.
                  | [potion of mutation]
 86953 | Zot:5    | Lost mutation: You are clumsy. (Dex -2) [potion of
                  | mutation]
 86953 | Zot:5    | Gained mutation: You occasionally lose the ability to drink
                  | potions when taking damage. [potion of mutation]
 86953 | Zot:5    | Gained mutation: You are frail. (-10% HP) [potion of
                  | mutation]
 86953 | Zot:5    | Gained mutation: You are very frail. (-20% HP) [potion of
                  | mutation]
 86953 | Zot:5    | Gained mutation: You have a pair of small horns on your
                  | head. [potion of mutation]
 86954 | Zot:5    | Lost mutation: You have a pair of small horns on your head.
                  | [potion of mutation]
 86954 | Zot:5    | Lost mutation: You are very frail. (-20% HP) [potion of
                  | mutation]
 86954 | Zot:5    | Lost mutation: You occasionally lose the ability to drink
                  | potions when taking damage. [potion of mutation]
 86955 | Zot:5    | Lost mutation: You are frail. (-10% HP) [potion of
                  | mutation]
 87338 | Crypt:1  | Entered Level 1 of the Crypt
 87410 | Crypt:1  | Reached skill level 27 in Transmutations
 87846 | Zot:5    | Got the Orb of Zot
 87859 | Zot:4    | Noticed Lalac the pandemonium lord
 87945 | Depths:4 | Noticed Amasenge the pandemonium lord
 88364 | D:$      | Escaped with the Orb!

Illustrated notes

Levels and vault maps discovered:
D:1:      dreamdust_arrival_sigmund_warning, layout_basic, chequers_jeans,
          minivault_25, serial_bayou_lake_a
D:2:      kennysheep_big_flooded_room, layout_basic, serial_bayou_pond_a,
          minmay_pentomino_x4
D:3:      layout_rooms, uniq_grinder
D:4:      layout_basic
D:5:      layout_basic, nicolae_dithmenos_the_darkroom,
          mainiacjoe_overflow_alcove_1, minmay_temple_entry_nine_rooms
D:6:      layout_loops_cross, xom_butterflies, nicolae_elyvilon_temple_path,
          mainiacjoe_overflow_small_starburst, dreamdust_mushroom_princess,
          uniq_duvessa, uniq_eustachio
D:7:      layout_basic, ashenzari_conservatory_becter, hangedman_decor_points,
          nicolae_figureground_sparkle
D:8:      layout_basic, mainiacjoe_overflow_24_doors, general_overflow_altar,
          minmay_orc_keep
D:9:      layout_big_octagon, pdpol_temple_overflow_zin_treasury_gozag_greed,
          nzn_hepliaklqana_mist_gate, enter_bailey_2, nicolae_stop_n_shop_1,
          nicolae_shop_self_help
D:10:     layout_rooms, mainiacjoe_overflow_boulevard,
          mainiacjoe_overflow_alcove_2, mainiacjoe_overflow_two_lobes,
          dpeg_oklobed_lair
D:11:     layout_roguey, orc_0_dummy
D:12:     layout_irregular_city, uniq_josephine
D:13:     layout_cave_pods, gammafunk_ghost_arena
D:14:     gammafunk_its_a_trap, layout_loops_cross, david_vaults_4,
          nicolae_shop_vocational
D:15:     grunt_enter_depths_snipers, layout_basic
Temple:   nicolae_temple_superstar
Lair:1:   layout_regular_city, hellmonk_guarded_unrand_zhor, uniq_harold
Lair:2:   layout_cave_pods, uniq_amaemon
Lair:3:   layout_loops_ring, nicolae_shoals_entry_roost,
          spider_nest_entry_rubble, grunt_megastairs_5
Lair:4:   wander_river, layout_concentric_octagons, ebering_ghost_funeral_grove,
          nicolae_lair_run_with_the_wolves, infiniplex_staircase_pool_2
Lair:5:   guppyfry_lair_end_dragon, layout_cave_pods,
          hangedman_lair_tendril_chambers, slime_entry_2,
          nicolae_volcano_entry_lava_flow
Shoals:1: layout_shoals, nicolae_shoals_beach_house_on_fowls_legs
Shoals:2: layout_shoals, serial_shops, shop
Shoals:3: layout_shoals
Shoals:4: shoals_end_grunt_ice, layout_shoals, serial_shops,
          nicolae_shop_industrial_runoff, nicolae_shop_trees, uniq_polyphemus
Spider:1: layout_spider_delve, nicolae_spider_not_touching_you
Spider:2: layout_cave_pods, hangedman_spider_tarantella_strand, uniq_kirke,
          uniq_donald, uniq_frances
Spider:3: layout_spider_delve, uniq_bai_suzhen
Spider:4: hellmonk_spider_rune_endless_swarm
Slime:1:  layout_caves
Slime:2:  cheibrodos_slime_lost_civilization_8, layout_caves
Slime:3:  layout_caves
Slime:4:  layout_caves
Slime:5
Orc:1:    layout_diamond_mine, mines_bat_river
Orc:2:    grunt_orc_community_town_hall, layout_caves,
          grunt_orc_community_big_house_2, grunt_orc_community_big_house_2,
          grunt_orc_community_house_2, grunt_orc_community_house_2,
          grunt_orc_community_house_2, grunt_orc_community_house_1,
          grunt_orc_community_house_1, grunt_orc_community_house_3
Elf:1:    eino_elf_arrival_shootout, layout_gridlike, mu_enter_wizlab_3,
          gammafunk_ghost_arena, hangedman_corner_corridor, lemuel_statue_altar,
          nicolae_elf_deep_friendship
Elf:2:    nicolae_elf_blades_crystal_corner, layout_geoelf_octagon
Elf:3:    minmay_elf_hall_hex, layout_geoelf_octagon,
          evilmike_spriggan_trog_shrine
Vaults:1: ebering_ghost_reflecting_pool, nicolae_vaults_what_the_h, v_misc_11,
          nicolae_vaults_storage_closets_1, vaults_room_grunt_arrival_ludios,
          v_rooms_6, ontoclasm_vaults_ring_small, nicolae_vaults_trapezoid_2,
          ontoclasm_vaults_tryst, nicolae_vaults_trapezoid_layered,
          nicolae_vaults_trapezoid_lopsided_1, st_cells,
          nicolae_vaults_double_plus_1, layout_vaults_big_room,
          nicolae_trove_entry_crossroad
Vaults:2: v_pattern_4, hangedman_vaults_nails, nicolae_vaults_two_Ls, v_misc_32,
          v_misc_25, v_misc_2, nicolae_vaults_house_2, v_misc_10,
          nicolae_vaults_closet_pinwheel_1, serial_ice_g,
          nicolae_vaults_diamond_2, layout_vaults_omnigrid, uniq_saint_roka
Vaults:3: nicolae_vaults_shipping_containers_2, nicolae_vaults_specimen_jars,
          minmay_crypt_entry_necro_gods, nicolae_vaults_house_2,
          hangedman_vaults_cutoff, v_misc_31, nicolae_vaults_closet_pinwheel_6,
          nicolae_vaults_turnstiles, nicolae_vaults_taking_the_gang_shopping,
          v_pattern_2, nicolae_vaults_diamond_1,
          ontoclasm_vaults_decontamination, layout_vaults_omnicross
Vaults:4: grunt_vaults_funneled_arena, ontoclasm_vaults_misaligned, v_misc_1,
          nicolae_vaults_offset_grid_hallway_1, v_alt_pattern_6, v_misc_10,
          nicolae_vaults_storage_room_statues, nicolae_vaults_big_ls,
          nicolae_vaults_house_2, vaults_room_boxed,
          nicolae_vaults_trapezoid_lopsided_1, layout_vaults_omnibox,
          serial_shops, nicolae_shop_advertising_works
          [nicolae_subvault_shop_adworks], uniq_mara, uniq_zenata
Crypt:1:  layout_chaotic_city, st_stairs_3,
          lemuel_mausoleum_altar_kikubaaqudgha, roderic_lattice_octagonal_star,
          grunt_crypt_arrival_split
Depths:1: layout_cave_shapes, nemelex_xobeh_ov_fountains_minmay, hellmouth_1,
          minmay_door_square, hangedman_decor_riveting,
          chequers_serial_rivers_large_b, minmay_the_grid_square_5x5_3x3_mashed
          [minmay_the_grid_square_5x5_v, minmay_the_grid_square_5x5_trominoes,
          minmay_the_grid_square_5x5_spiral,
          minmay_the_grid_square_5x5_eight_small,
          minmay_the_grid_square_5x5_megaprize_open,
          minmay_the_grid_square_5x5_checkered_statues,
          minmay_the_grid_square_5x5_spiral_small,
          minmay_the_grid_square_5x5_two_walls_b,
          minmay_the_grid_square_5x5_percent], minmay_shop_grove
Depths:2: wad_cavern_with_rooms, layout_cave_pools, rand_demon_pan_entry_9,
          hell_entry, fedhas_altar_fruit_tree, infiniplex_staircase_pillars_2
Depths:3: hourglass_vault, layout_basic, hellmouth_3, minmay_splitting_lines,
          abyss_entry, statue_in_the_mist_lemuel, nicolae_shop_fire_sale
          [nicolae_sub_dead_trees], uniq_josephina
Depths:4: grunt_zot_entry_tricorne, layout_cave_pools, enter_ziggurat_e,
          rand_demon_pan_entry_4, hell_entry, dk_noncrumbling_4, minivault_16,
          uniq_mennas
Zot:1:    layout_misc_corridors
Zot:2:    layout_misc_corridors
Zot:3:    layout_misc_corridors, grunt_megastairs_3
Zot:4:    grunt_zot_stairs_faceoff, layout_misc_corridors
Zot:5:    layout_basic, door_vault

Skill      XL: |  1  2  3  4  5  6  7  8  9 10 11 12 13 14 15 16 17 18 19 20 21 22 23 24 25 26 |
---------------+-------------------------------------------------------------------------------+-----
Fighting       | 1 2 3 4 5 7 8 9 10 11 12 13 14 | 14.0
Earth Magic    | 3 4 5 6 7 8 |  8.0
Conjurations   | 1 2 3 4 |  4.0
Spellcasting   | 3 5 6 8 9 10 12 14 16 18 19 20 | 20.0
Transmutations | 3 5 7 8 10 11 12 14 15 16 17 23 27 | 27.0
Dodging        | 4 5 7 10 11 13 14 15 16 17 18 20 | 20.0
Stealth        | 4 7 9 10 13 15 16 17 18 20 | 20.0
Short Blades   | 3 4 7 10 | 10.0
Evocations     | 4 7 8 10 11 14 15 16 18 | 18.2
Necromancy     | 5 7 8 |  8.0
Hexes          | 3 11 16 18 | 18.0
Shields        | 3 6 7 |  7.0
Air Magic      | 6 12 13 17 18 | 18.0

Action                     |  1- 3 |  4- 6 |  7- 9 | 10-12 | 13-15 | 16-18 | 19-21 | 22-24 | 25-27 || total
---------------------------+-------+-------+-------+-------+-------+-------+-------+-------+-------++-------
  Melee: Dagger            |       |       |    25 |   116 |   430 |   792 |   808 |   590 |   181 ||  2942
         Punch             |       |       |       |     3 |     4 |    12 |     3 |       |       ||    22
         Spear             |       |       |       |       |     3 |       |       |       |       ||     3
         Staff             |       |       |       |       |       |    10 |       |       |       ||    10
   Fire: Sling             |    29 |    97 |   196 |   356 |    76 |       |       |       |       ||   754
  Throw: Dart              |       |       |     4 |     3 |    16 |   112 |    16 |     3 |     1 ||   155
   Cast: Sandblast         |    39 |    35 |    23 |    65 |   104 |       |       |       |       ||   266
         Stone Arrow       |       |    12 |    34 |    54 |    54 |    74 |    83 |    41 |    15 ||   367
         Petrify           |       |       |    17 |    72 |   177 |   168 |     7 |    68 |    19 ||   528
         Passwall          |       |       |     1 |     8 |    30 |    47 |     4 |    17 |    15 ||   122
         Irradiate         |       |       |       |       |     9 |    27 |    44 |    28 |    12 ||   120
         Borgnjor's Vile C |       |       |       |       |    15 |    94 |    94 |    13 |    10 ||   226
         Statue Form       |       |       |       |       |     5 |    12 |     6 |       |       ||    23
         Confusing Touch   |       |       |       |       |       |    16 |    46 |    48 |     7 ||   117
         Dispel Undead     |       |       |       |       |       |     8 |     3 |     2 |       ||    13
         Enfeeble          |       |       |       |       |       |     3 |   111 |    53 |    35 ||   202
         Yara's Violent Un |       |       |       |       |       |       |    66 |    62 |    31 ||   159
         Airstrike         |       |       |       |       |       |       |       |    95 |    38 ||   133
         Discord           |       |       |       |       |       |       |       |    28 |    40 ||    68
         Maxwell's Capacit |       |       |       |       |       |       |       |    13 |    39 ||    52
         Fulminant Prism   |       |       |       |       |       |       |       |     3 |       ||     3
         Blink             |       |       |       |       |       |       |       |     1 |     2 ||     3
 Invoke: Shadow Step       |       |       |       |       |     2 |     5 |     3 |     1 |       ||    11
Ability: End Transformatio |       |       |       |       |     2 |     5 |     1 |       |       ||     8
  Evoke: Wand              |       |       |     2 |     5 |    15 |    40 |    12 |    24 |    13 ||   111
         Phial of floods   |       |       |       |       |     1 |     2 |     1 |       |       ||     4
         Lightning rod     |       |       |       |       |       |     4 |     5 |     4 |       ||    13
         Tin of tremorston |       |       |       |       |       |       |       |     2 |       ||     2
    Use: Scroll            |       |     2 |     8 |     8 |    10 |    16 |     3 |     8 |     8 ||    63
         Potion            |       |     1 |       |       |     4 |     2 |     3 |     2 |     8 ||    20
   Stab: Petrified         |       |       |    21 |    63 |   104 |   103 |     2 |    45 |    16 ||   354
         Petrifying        |       |       |     1 |     5 |    14 |    37 |     1 |     9 |       ||    67
         Sleeping          |       |       |       |    13 |   110 |   125 |   103 |    34 |    18 ||   403
         Invisible         |       |       |       |       |     4 |     2 |   100 |    50 |    23 ||   179
         Distracted        |       |       |       |       |     3 |     5 |    12 |     4 |       ||    24
         Confused          |       |       |       |       |       |    16 |    39 |    59 |     7 ||   121
 Armour: Robe              |       |       |     2 |       |       |       |     2 |       |       ||     4
         Steam dragon scal |       |       |       |     4 |       |       |       |       |       ||     4
         Animal skin       |       |       |       |     6 |    25 |    29 |    16 |    18 |     6 ||   100
         Skin              |       |       |       |       |    21 |    27 |    14 |       |       ||    62
  Dodge: Dodged            |    12 |     5 |    21 |   131 |   334 |   604 |   512 |   284 |   121 ||  2024
  Block: Other             |       |       |       |       |    45 |    98 |    10 |       |       ||   153
         Reflection        |       |       |       |       |     4 |     4 |     9 |     2 |       ||    19
         Buckler           |       |       |       |       |       |       |   156 |   106 |    33 ||   295

Table legend: (Time is in decaauts)
 A = Elapsed time spent in this place.
 B = Non-inter-level travel time spent in this place.
 C = Inter-level travel time spent in this place.
 D = Time resting spent in this place.
 E = Time spent auto-exploring this place.
 F = Levels seen in this place.
 G = Mean time per level.
                   A        B        C        D        E       F      G
               +--------+--------+--------+--------+--------+-----+--------+
         Total |  68552 |  62620 |   5932 |  21214 |  19843 |  57 | 1202.7 |
       Dungeon |  16025 |  13918 |   2107 |   2960 |   5744 |  15 | 1068.3 |
        Temple |      1 |      1 |      0 |      0 |      0 |   1 |    1.0 |
          Lair |   7255 |   6278 |    977 |    738 |   2702 |   5 | 1451.0 |
        Shoals |   4241 |   3792 |    449 |   1785 |    377 |   4 | 1060.2 |
   Spider Nest |   6585 |   6155 |    430 |   1765 |   2484 |   4 | 1646.2 |
    Slime Pits |   2570 |   2518 |     52 |   1714 |    235 |   5 |  514.0 |
  Orcish Mines |   2288 |   1961 |    327 |    456 |    729 |   2 | 1144.0 |
   Elven Halls |   5736 |   5546 |    190 |   2519 |   1303 |   3 | 1912.0 |
        Vaults |   5121 |   4759 |    362 |   1034 |   2077 |   4 | 1280.2 |
         Crypt |     59 |     59 |      0 |      8 |     15 |   1 |   59.0 |
        Depths |   8114 |   7576 |    538 |   3199 |   2382 |   4 | 2028.5 |
           Zot |   8478 |   7983 |    495 |   4185 |   1730 |   5 | 1695.6 |
         Trove |     43 |     43 |      0 |      0 |      0 |   1 |   43.0 |
        Bailey |    470 |    470 |      0 |      0 |      0 |   1 |  470.0 |
       Volcano |    295 |    295 |      0 |    144 |      0 |   1 |  295.0 |
        Wizlab |   1263 |   1263 |      0 |    704 |     62 |   1 | 1263.0 |
               +--------+--------+--------+--------+--------+-----+--------+

Top non-repeatable levels by time:
   Elf:3: 3589 daAuts
   Zot:5: 2932 daAuts
Depths:2: 2501 daAuts
Depths:1: 2362 daAuts
Spider:2: 2019 daAuts
  Lair:5: 2015 daAuts
Shoals:4: 1809 daAuts
    D:15: 1789 daAuts
   Zot:4: 1764 daAuts
     D:8: 1763 daAuts
Depths:4: 1694 daAuts
  Lair:2: 1691 daAuts
Vaults:1: 1674 daAuts
   Zot:2: 1656 daAuts
Spider:1: 1626 daAuts
